 Dungeon Crawl Stone Soup version 0.27-a0-13-g87abb2d9eb (webtiles) character file.

Game seed: 15809578683230745499

2654 KristoblXynda the Cleaver (level 9, -6/68 HPs)
             Began as a Formicid Fighter on Jan 2, 2021.
             Was a Believer of Cheibriados.
             Mangled by an orc knight
             ... wielding a +0 glaive
              (39 damage)
             ... in a bailey.
             The game lasted 00:09:25 (8134 turns).

KristoblXynda the Cleaver (Formicid Fighter)        Turns: 8134, Time: 00:09:26

Health: -6/68      AC: 12    Str: 28    XL:     9   Next: 93%
Magic:  9/9        EV:  8    Int: 14    God:    Cheibriados [**....]
Gold:   262        SH: 17    Dex: 15    Spells: 8/8 levels left

rFire    . . .     SeeInvis +   a - +1 war axe
rCold    . . .     Faith    .   c - +0 kite shield
rNeg     . . .     Spirit   .   y - +0 chain mail
rPois    +         Reflect  +   (helmet unavailable)
rElec    .         Harm     .   b - +0 cloak
rCorr    +         Rampage  .   (no gloves)
Will     .....                  (no boots)
Stlth    ..........             n - amulet of reflection
HPRegen  0.21/turn              w - ring of poison resistance
MPRegen  0.11/turn              z - ring of resist corrosion

@: mighty, very slow
A: permanent stasis, dig shafts and tunnels, four strong arms, antennae 3
a: Dig, Renounce Religion, Bend Time


You were in a bailey.
You worshipped Cheibriados.
Cheibriados was pleased with you.
You visited 2 branches of the dungeon, and saw 9 of its levels.
You also visited: Bailey.

You collected 262 gold pieces.

Inventory:

Hand Weapons
 a - a +1 war axe (weapon)
Armour
 b - a +0 cloak (worn)
 c - a +0 kite shield (worn)
 y - a +0 chain mail (worn)
Jewellery
 n - an amulet of reflection (around neck)
 w - a ring of poison resistance (left hand)
 z - a ring of resist corrosion (right hand)
Wands
 A - a wand of acid (7)
Scrolls
 e - a scroll of fear
 f - a scroll of fog
 g - 2 scrolls of enchant weapon
 h - 4 scrolls of remove curse
 j - a scroll of random uselessness {unknown}
 k - a scroll of amnesia {unknown}
 p - a scroll of enchant armour {unknown}
 q - a scroll of noise {unknown}
 t - 2 scrolls of immolation
Potions
 d - a potion of might
 i - 2 potions of flight
 l - a potion of heal wounds
 m - a potion of attraction
 s - 2 potions of curing
 v - a potion of mutation
 x - a potion of degeneration {unknown}


   Skills:
 + Level 5.2 Fighting
 + Level 8.5 Axes
 + Level 7.8 Armour
 + Level 8.5 Shields


You had 8 spell levels left.
You didn't know any spells.
Your spell library contained the following spells:

 Spells                   Type           Power        Failure   Level
 Sandblast                Erth           0%           83%         1
 Passwall                 Tmut/Erth      0%           92%         2
 Stone Arrow              Conj/Erth      0%           99%         3
 Petrify                  Tmut/Erth      0%           100%        4
 Lee's Rapid Deconstruct  Erth           0%           100%        5


Dungeon Overview and Level Annotations

Branches:
Dungeon (8/15)             Temple (1/1) D:5          Bailey (1/1)
   Lair: D:8-11

Altars:
Ashenzari
Cheibriados
Gozag
Hepliaklqana
Kikubaaqudgha
Makhleb
Nemelex Xobeh
Okawaru
Qazlal
Ru
Sif Muna
Trog
Uskayaw
Vehumet
Wu Jian
Yredelemnul
Zin
The Shining One


Innate Abilities, Weirdness & Mutations

You cannot be hasted, slowed, berserked, paralysed or teleported.
You can dig through walls and to a lower floor.
Your four strong arms can wield two-handed weapons with a shield.
You have a pair of large antennae on your head. (SInv)


Message History

The orcs go into a battle-frenzy!
The orc knight roars a battlecry!
The orc knight goes into a battle-frenzy!
You block the orc warrior's attack.
There is an open door here.
Unknown command.
You feel very mighty all of a sudden.
The orc knight hits you from afar with a +0 glaive.
The orc knight closely misses you. The orc warrior barely misses you.
The orc knight hits you with a +0 glaive!!
You block the orc knight's attack. You block the orc warrior's attack.
You feel much better.
The orc knight hits you with a +0 glaive!
The orc knight hits you from afar with a +0 glaive.
You feel much better.
The orc warrior hits you from afar with a cursed +0 halberd!!
The orc knight hits you with a +0 glaive!!!
Ouch! That really hurt!
You die...

### ##
##∩###########.##
#)(.##.....##...#
≈..#).)#..≈≈≈..#.o$#
≈≈.)...(.≈≈)≈≈.#..!#
o≈.......≈)∩.≈.'@o.#
≈≈.......≈≈)≈≈.#..?#
≈..#...#..≈≈≈..#.o$#
..##...##.....##...#
## ##∩###########.##
### ##


You could see 2 orc knights and an orc warrior (strong).

Vanquished Creatures
  Grinder (D:4)
  Menkaure (D:4)
  A water moccasin (D:6)
  4 orc warriors (Bailey)
  A sky beast (D:7)
  2 black bears
  2 ogres
  4 phantoms
  A big kobold (D:7)
  Blork the orc (D:6)
  A howler monkey (D:5)
  3 bullfrog zombies
  3 jellies
  2 hounds
  2 orc priests
  2 centaur skeletons (D:4)
  2 iguanas
  3 orc wizards
  4 worker ants
  A hound zombie (D:7)
  4 gnolls (D:6)
  7 adders
  2 white imps
  2 ufetubi (D:6)
  An ooze (D:3)
  5 worms
  2 dart slugs
  5 leopard geckos
  13 orcs
  8 giant cockroaches
  12 goblins
  10 hobgoblins
  8 jackals
  9 kobolds
  7 quokkas
  7 bats
  3 frilled lizards
  A leopard gecko skeleton (D:5)
  A quokka skeleton (D:6)
  4 rats
152 creatures vanquished.

Notes
Turn   | Place    | Note
-------+----------+-------------------------------------------
     0 | D:1      | KristoblXynda the Formicid Fighter began the quest for the
                  | Orb.
     0 | D:1      | Reached XP level 1. HP: 18/18 MP: 1/1
    36 | D:1      | Reached XP level 2. HP: 13/24 MP: 2/2
   446 | D:1      | Reached XP level 3. HP: 26/29 MP: 3/3
  1191 | D:2      | Reached XP level 4. HP: 27/35 MP: 4/4
  1895 | D:3      | Reached XP level 5. HP: 22/41 MP: 5/5
  2119 | D:3      | Found a glowing golden altar of the Shining One.
  2647 | D:4      | Noticed Grinder
  2666 | D:4      | Killed Grinder
  2667 | D:4      | Reached skill level 5 in Axes
  2667 | D:4      | Reached skill level 5 in Shields
  2667 | D:4      | Reached XP level 6. HP: 25/47 MP: 6/6
  2667 | D:4      | Reached XP level 7. HP: 28/52 MP: 7/7
  3033 | D:4      | Reached skill level 5 in Armour
  3166 | D:4      | Noticed Menkaure
  3173 | D:4      | Killed Menkaure
  4376 | D:5      | Entered Level 5 of the Dungeon
  4415 | D:5      | Reached XP level 8. HP: 12/58 MP: 8/8
  4686 | D:5      | Found a staircase to the Ecumenical Temple.
  4720 | Temple   | Entered the Ecumenical Temple
  4766 | Temple   | Became a worshipper of Cheibriados the Contemplative
  5147 | D:5      | Found a hazy altar of Hepliaklqana.
  5147 | D:5      | Found a glowing silver altar of Zin.
  5696 | D:6      | Reached XP level 9. HP: 46/64 MP: 9/9
  5702 | D:6      | Reached * piety under Cheibriados
  5839 | D:6      | Noticed Blork the orc
  5846 | D:6      | Killed Blork the orc
  7170 | D:7      | Reached ** piety under Cheibriados
  7810 | D:8      | Found a flagged portal.
  7824 | Bailey   | Entered a bailey
  7824 | Bailey   | Noticed an orc knight
  7842 | Bailey   | Reached skill level 5 in Fighting
  8129 | Bailey   | Noticed an orc knight
  8129 | Bailey   | Noticed an orc knight
  8134 | Bailey   | Mangled by an orc knight

Illustrated notes

Levels and vault maps discovered:
D:1:      psy_arrival_dodecagon, layout_rooms, minmay_nonomino_d4
D:2:      layout_basic
D:3:      layout_basic, nicolae_tso_swordbearing_angel
D:4:      layout_layer_cave, uniq_menkaure, uniq_grinder
D:5:      layout_loops_ring, gammafunk_temple_overflow_statue,
          minmay_temple_entry_butterflies
D:6:      layout_loops_ring, uniq_blork_the_orc
D:7:      layout_basic
D:8:      layout_cave_pools, overflow_temple_1_default, kennysheep_little_box,
          lemuel_round_altar, enter_bailey_5, serial_shops, shop_fountains
Temple:   compressed_dpeg_circular_temple
Bailey:   bailey_polearm_4, bailey

Skill      XL: |  1  2  3  4  5  6  7  8  9 |
---------------+----------------------------+-----
Shields        | 4 5 6 7 8 |  8.5
Axes           | 3 5 6 7 8 |  8.5
Armour         | 4 5 6 7 |  7.8
Fighting       | 5 |  5.2

Action                   |  1- 3 |  4- 6 |  7- 9 || total
-------------------------+-------+-------+-------++-------
Melee: War axe           |    83 |   130 |   405 ||   618
 Abil: Dig               |     5 |       |       ||     5
  Use: Potion            |       |     3 |     5 ||     8
       Scroll            |       |     5 |     8 ||    13
Armor: Scale mail        |    56 |    47 |     5 ||   108
       Chain mail        |       |       |   183 ||   183
Dodge: Dodged            |    45 |    38 |   100 ||   183
Block: Kite shield       |    57 |    82 |   274 ||   413
       Reflection        |       |       |     1 ||     1

Table legend: (Time is in decaauts)
 A = Elapsed time spent in this place.
 B = Non-inter-level travel time spent in this place.
 C = Inter-level travel time spent in this place.
 D = Time resting spent in this place.
 E = Time spent auto-exploring this place.
 F = Levels seen in this place.
 G = Mean time per level.
                   A        B        C        D        E       F      G
               +--------+--------+--------+--------+--------+-----+--------+
         Total |   9008 |   8828 |    180 |   1401 |   5744 |  10 |  900.8 |
       Dungeon |   8588 |   8426 |    162 |   1149 |   5670 |   8 | 1073.5 |
        Temple |     99 |     81 |     18 |      0 |     73 |   1 |   99.0 |
        Bailey |    321 |    321 |      0 |    252 |      0 |   1 |  321.0 |
               +--------+--------+--------+--------+--------+-----+--------+

Top non-repeatable levels by time:
     D:4: 1769 daAuts
     D:5: 1424 daAuts
     D:6: 1360 daAuts
     D:7: 1291 daAuts
     D:3: 1097 daAuts
     D:1: 836 daAuts
     D:2: 779 daAuts
  Bailey: 321 daAuts
  Temple: 99 daAuts
     D:8: 28 daAuts
